AoeStats
← |GaoeG| flamingo

Arena

509094437Analyzed
3v3 RM · 7d ago on Sep 25, 2026· 40m 58s· 6 players
Game mode
Random Map
Map size
Normal (6 player)
Population
200
Speed
Normal
Resources
Standard
Victory
Conquest
Starting age
Dark Age
Ending age
Imperial Age
RankedLock teamsTeams togetherTeam positionsShared explorationLock speedFull tech treeHidden civsTurbo modeCheats
Victory
Defeat
🇪🇸 Goths · Spain
1353
+17
🇪🇸 Spanish · Spain
1251
+21
🇪🇸 Romans · Spain
1171
+25
🇨🇳 Turks · China
1401
-22
🇩🇰 Cumans · Denmark
1385
-22
🇫🇷 Danes · France
1331
-19
Baekstra
9:19 Feudal Age
9:51 Double-Bit Axe
13:45 Horse Collar
15:19 Wheelbarrow
19:11 Gold Mining
19:12 Stone Mining
21:58 Castle Age
22:39 Bloodlines
23:10 Hand Cart
23:13 Scale Barding Armor
23:18 Forging
23:33 Heavy Plow
24:04 Bow Saw
25:25 Iron Casting
25:11 Chain Barding Armor
29:38 Imperial Age
28:49 Steppe Husbandry
29:42 Elite Steppe Lancer
31:26 Blast Furnace
31:30 Two-Man Saw
31:09 Crop Rotation
33:11 Plate Barding Armor
38:25 Fletching
Le Miel Jospin
10:07 Feudal Age
14:37 Castle Age
12:51 Double-Bit Axe
15:29 Scale Mail Armor
20:38 Forging
21:49 Chain Mail Armor
28:43 Imperial Age
26:00 Loom
2067
10:54 Feudal Age
14:37 Castle Age
12:29 Double-Bit Axe
12:42 Horse Collar
16:53 Wheelbarrow
25:50 Hand Cart
25:21 Loom
25:35 Fletching
29:40 Heavy Plow
33:17 Imperial Age
31:28 Padded Archer Armor
31:34 Gold Mining
31:34 Stone Mining
33:15 Gold Shaft Mining
33:15 Husbandry
34:04 Leather Archer Armor
33:55 Scale Barding Armor
34:01 Forging
34:25 Bombard Tower
34:02 Bodkin Arrow
34:58 Bloodlines
35:11 Conscription
34:35 Treadmill Crane
36:00 Bow Saw
36:33 Ring Archer Armor
36:23 Chain Barding Armor
37:04 Town Watch
37:30 Bracer
38:06 Iron Casting
37:38 Elite Janissary
38:44 Artillery
38:57 Masonry
39:08 Ballistics
39:46 Plate Barding Armor
41:48 Architecture
|GaoeG| Joseba77
11:25 Feudal Age
15:55 Castle Age
13:46 Double-Bit Axe
13:43 Horse Collar
13:56 Gold Mining
17:01 Bow Saw
17:11 Heavy Plow
23:02 Wheelbarrow
22:13 Loom
27:42 Imperial Age
25:17 Scale Mail Armor
25:40 Forging
25:55 Ballistics
25:29 Man-at-Arms
26:11 Squires
26:29 Chain Mail Armor
26:13 Stone Mining
27:34 Iron Casting
26:21 Long Swordsman
26:28 Pikeman
27:52 Legionary
28:15 Capped Ram
30:21 Blast Furnace
30:58 Hand Cart
30:13 Halberdier
33:34 Comitatenses
33:20 Siege Ram
34:38 Conscription
35:43 Ballistas
39:29 Heavy Scorpion
|GaoeG| flamingo
11:35 Feudal Age
13:03 Double-Bit Axe
15:19 Castle Age
13:27 Horse Collar
17:20 Bow Saw
17:12 Heavy Plow
25:05 Gold Mining
25:58 Wheelbarrow
25:09 Loom
27:26 Padded Archer Armor
28:18 Bloodlines
28:08 Husbandry
33:21 Imperial Age
31:07 Hand Cart
30:56 Scale Mail Armor
31:07 Forging
31:49 Scale Barding Armor
34:19 Chain Barding Armor
34:34 Iron Casting
33:56 Cavalier
34:59 Conscription
35:35 Plate Barding Armor
35:26 Paladin
38:15 Blast Furnace
41:17 Guilds
JITANOmaleant7
10:43 Feudal Age
10:11 Loom
12:05 Man-at-Arms
12:41 Double-Bit Axe
12:45 Loom
18:08 Castle Age
16:28 Scale Mail Armor
16:16 Horse Collar
17:47 Gold Mining
19:23 Wheelbarrow
18:13 Long Swordsman
19:41 Bow Saw
22:49 Squires
23:07 Chain Mail Armor
26:24 Forging
34:46 Imperial Age
32:18 Pikeman
33:50 Heavy Plow
33:44 Stone Mining
34:25 Ballistics
34:15 Masonry
35:45 Iron Casting
34:54 Halberdier
36:54 Fletching
37:37 Conscription
37:34 Padded Archer Armor
38:38 Chemistry
37:57 Elite Skirmisher
38:34 Bodkin Arrow
38:55 Leather Archer Armor
39:23 Masonry
Connection lost

Rejoining the realm…

Still unreachable

The connection could not be restored.

Session expired

The server has moved on; the page needs a fresh start.